AoeStats
← ferderder1

Arabia

508841475Analyzed
1v1 RM · 7d ago on Sep 24, 2026· 37m 16s· 2 players
Game mode
Random Map
Map size
Tiny (2 player)
Population
200
Speed
Normal
Resources
Standard
Victory
Conquest
Starting age
Dark Age
Ending age
Imperial Age
RankedLock teamsTeams togetherTeam positionsShared explorationLock speedFull tech treeHidden civsTurbo modeCheats
Victory
Defeat
🇨🇿 Saxons · Czechia
881
+17
🇪🇸 Gurjaras · Spain
908
-17
Abraham
5:22 Loom
9:12 Feudal Age
10:04 Double-Bit Axe
16:04 Town Watch
17:10 Fletching
22:03 Castle Age
21:59 Padded Archer Armor
22:09 Scale Mail Armor
21:58 Arson
24:23 Bow Saw
29:05 Chain Mail Armor
28:44 Horse Collar
32:32 Forging
32:24 Gambesons
ferderder1
2:45 Loom
6:05 Loom
9:42 Feudal Age
11:58 Double-Bit Axe
14:32 Bloodlines
15:55 Horse Collar
16:42 Forging
17:25 Wheelbarrow
19:50 Scale Barding Armor
20:09 Stone Mining
23:03 Castle Age
22:01 Gold Mining
25:24 Iron Casting
25:10 Husbandry
27:36 Bow Saw
28:54 Heavy Plow
29:10 Stone Mining
29:59 Gold Shaft Mining
29:35 Town Watch
32:52 Chain Barding Armor
34:42 Fletching
36:29 Bodkin Arrow
38:07 Ballistics
Connection lost

Rejoining the realm…

Still unreachable

The connection could not be restored.

Session expired

The server has moved on; the page needs a fresh start.